 Dungeon Crawl Stone Soup version 0.30.1-9-gdf580d7c3d (webtiles) character file.

Game seed: 18029541767415684969

126 lonewolfV2 the Magician (level 4, -3/45 HPs)
             Began as a Demonspawn Necromancer on Oct 24, 2023.
             Slain by a kobold
             ... wielding a +2 short sword of protection
              (5 damage)
             ... on level 3 of the Dungeon.
             The game lasted 00:10:23 (3098 turns).

lonewolfV2 the Magician (Demonspawn Necromancer)    Turns: 3098, Time: 00:10:24

Health: -3/45      AC:  2    Str:  9    XL:     4   Next: 84%
Magic:  2/10       EV: 12    Int: 18    God:
Gold:   135        SH:  0    Dex: 13    Spells: 8/12 levels left

rFire   + . .        (no weapon)
rCold   + . .        (no shield)
rNeg    . . .        a - +0 robe
rPois   +            (no helmet)
rElec   +            (no cloak)
rCorr   +            (no gloves)
SInv    .            (no boots)
Will    .....        (no amulet) Stlth
                     (no ring)
HPRegen 0.27/turn    (no ring)
MPRegen 0.12/turn

%: no passive effects
@: berserking, lethally poisoned (-3 -> -6), resistant, very quick
A: powered by pain 1, demonic magic 1
a: no special abilities


You were on level 3 of the Dungeon.
You visited 1 branch of the dungeon, and saw 3 of its levels.

You collected 135 gold pieces.

Inventory:

Hand Weapons
 c - the +5 sling "Buzusul" {drain, rElec rC+ Str+3}
   (You found it on level 3 of the Dungeon)

   Str:       It affects your strength (+3).
   rC:        It protects you from cold.
   rElec:     It insulates you from electricity.
Missiles
 m - 4 silver javelins
Armour
 a - a +0 robe (worn)
Scrolls
 d - a scroll of fear
 e - a scroll of identify
 l - 2 scrolls of fog
Potions
 b - a potion of magic
 h - a potion of flight
 i - a potion of might
 j - a potion of curing {unknown}
 k - a potion of ambrosia {unknown}
 n - a potion of attraction {unknown}


   Skills:
 - Level 1.7 Dodging
 - Level 1.7 Stealth
 * Level 4.7 Spellcasting
 - Level 4.3 Necromancy


You had 8 spell levels left.
You knew the following spells:

 Your Spells              Type           Power      Damage    Failure   Level
a - Necrotise             Necr           80%        1d8       2%          1
b - Vampiric Draining     Necr           20%        2d7       7%          3

Your spell library contained the following spells:

 Spells                   Type           Power      Damage    Failure   Level
 Slow                     Hex            16%        N/A       14%         1
 Animate Dead             Necr           20%        N/A       22%         4
 Confusing Touch          Hex            4%         N/A       38%         3
 Inner Flame              Hex/Fire       4%         N/A       38%         3
 Ozocubu's Armour         Ice            4%         N/A       38%         3
 Agony                    Necr           20%        N/A       54%         5
 Yara's Violent Unravell  Hex/Tmut       2%         3d3       98%         5
 Enfeeble                 Hex            2%         N/A       100%        7
 Ozocubu's Refrigeration  Ice            2%         4d7       100%        7


Dungeon Overview and Level Annotations

Branches:
Dungeon (3/15)

Altars:
Fedhas


Innate Abilities, Weirdness & Mutations

You sometimes gain a little power by taking damage.
Spells you cast may paralyse adjacent enemies.


Message History

There is a strange disturbance nearby!
Casting: Necrotise (safe; 2% risk of failure)
Confirm with . or Enter, or press ? or * to list all spells.
You don't have enough magic to cast this spell.
Casting: Necrotise (safe; 2% risk of failure)
Confirm with . or Enter, or press ? or * to list all spells.
You don't know that spell.
Casting: Necrotise (safe; 2% risk of failure)
Confirm with . or Enter, or press ? or * to list all spells.
You don't have enough magic to cast this spell.
Casting: Necrotise (safe; 2% risk of failure)
Confirm with . or Enter, or press ? or * to list all spells.
You don't have enough magic to cast this spell.
Casting: Necrotise (safe; 2% risk of failure)
Confirm with . or Enter, or press ? or * to list all spells.
You can't see any susceptible monsters within range! (Use Z to cast anyway.)
Casting: Necrotise (safe; 2% risk of failure)
Confirm with . or Enter, or press ? or * to list all spells.
You don't know that spell.
You closely miss something. Something hits you.
You hit something but do no damage.
Ijyb closely misses something.
Something hits you but does no damage.
You miss something. Something hits you but does no damage.
Ijyb closely misses something.
You miss something. Something hits you.
You miss something.
Ijyb closely misses something.
Something hits you.
You miss something.
Ijyb barely misses something.
Something hits you.
Ijyb barely misses something.
A poisoned dart appears from out of thin air!
The poisoned dart hits you!
You are poisoned.
You feel sick.
You feel protected.
You feel sick. Something hits you.
* * * LOW HITPOINT WARNING * * *
A red film seems to cover your vision as you go berserk!
You feel yourself moving faster!
You feel mighty!
* * * LOW HITPOINT WARNING * * *
You feel sick.
Ijyb misses something.
Something hits you.
You die...

...............# .##
...............##..#
................##.#
.................#.#
...................#
#..###.............#
.##.###.............#
....................###
#.......@.............##
#.........#.###.#..#..##
##..####Z##.###....##...
##...##.##...####...##.
#Z.)..###.# #......
##....# #.# ##.###.
##...# #.# #...#. #####
#.#######...
#......####.


You could see the friendly Ijyb the goblin skeleton.

Vanquished Creatures
  Ijyb (D:3)
  2 adders
  2 worms (D:2)
  7 ball pythons
  7 endoplasms
  6 giant cockroaches
  9 goblins
  4 hobgoblins (D:2)
  4 quokkas
  2 bats
  2 frilled lizards
  4 kobolds
  7 rats
57 creatures vanquished.

Vanquished Creatures (collateral kills)
  An adder (D:3)
  An orc (D:3)
  A goblin (D:3)
  A kobold (D:3)
  A frilled lizard (D:1)
5 creatures vanquished.

Grand Total: 62 creatures vanquished

Notes
Turn   | Place    | Note
-------+----------+-------------------------------------------
     0 | D:1      | lonewolfV2 the Demonspawn Necromancer began the quest for
                  | the Orb.
     0 | D:1      | Reached XP level 1. HP: 13/13 MP: 3/3
   192 | D:1      | Gained mutation: Spells you cast may paralyse adjacent
                  | enemies. [demonic ancestry]
   192 | D:1      | Reached XP level 2. HP: 17/19 MP: 1/5
   787 | D:1      | Gained mutation: You sometimes gain a little power by
                  | taking damage. [demonic ancestry]
   787 | D:1      | Reached XP level 3. HP: 24/24 MP: 0/7
  1773 | D:2      | Learned a level 3 spell: Vampiric Draining
  2117 | D:2      | Reached XP level 4. HP: 27/30 MP: 0/10
  2549 | D:3      | Found a blossoming altar of Fedhas.
  2946 | D:3      | Identified the +5 sling "Buzusul" {drain, rElec rC+ Str+3}
  3071 | D:3      | Noticed Ijyb
  3085 | D:3      | Killed Ijyb
  3098 | D:3      | HP: 2/45 [poisoned by a kobold]
  3098 | D:3      | Slain by a kobold

Illustrated notes

Levels and vault maps discovered:
D:1:      wander_arrival_estate, layout_loops_ring
D:2:      layout_basic
D:3:      layout_rooms, fedhas_altar_2, minmay_close_crescents, uniq_ijyb

Skill      XL: |  1  2  3 |
---------------+----------+-----
Spellcasting   | 3 4 |  4.7
Dodging        | |  1.7
Stealth        | |  1.7
Necromancy     | |  4.3

Action                     |  1- 3 |  4- 6 || total
---------------------------+-------+-------++-------
  Melee: Unarmed           |     9 |     7 ||    16
         Punch             |       |     1 ||     1
   Cast: Necrotise         |    89 |    26 ||   115
         Vampiric Draining |     3 |     2 ||     5
    Use: Scroll            |     6 |     4 ||    10
         Potion            |       |     2 ||     2
   Stab: Paralysed         |     1 |       ||     1
 Armour: Robe              |     6 |     3 ||     9
  Dodge: Dodged            |    21 |     6 ||    27
